AoeStats
← 739697286

Nomad

508417953Analyzed
4v4 RM · 11d ago on Sep 22, 2026· 41m 6s· 8 players
Game mode
Random Map
Map size
231×231
Population
200
Speed
Normal
Resources
Standard
Victory
Conquest
Starting age
Dark Age
Ending age
Imperial Age
RankedLock teamsTeams togetherTeam positionsShared explorationLock speedFull tech treeHidden civsTurbo modeCheats
Victory
Defeat
🇨🇳 Georgians · China
1586
+14
🇨🇭 Dravidians · Switzerland
1472
+18
🇨🇳 Huns · China
1425
+20
🇨🇳 Spanish · China
1409
+20
🇨🇳 Persians · China
1570
-20
🇹🇼 Burmese · Taiwan
1524
-18
🇹🇼 Mongols · Taiwan
1523
-18
🇨🇳 Vietnamese · China
1479
-16
Geo
5:50 Loom
12:34 Feudal Age
18:08 Castle Age
17:19 Double-Bit Axe
17:52 Fishing Lines
19:36 Gillnets
19:43 Town Watch
20:53 Fletching
20:55 Horse Collar
21:30 Bow Saw
24:16 Bodkin Arrow
25:40 Padded Archer Armor
26:51 Ballistics
26:33 Gold Mining
28:27 Wheelbarrow
32:58 Leather Archer Armor
33:39 Hand Cart
41:43 Imperial Age
39:27 Heavy Plow
Sunny Day
4:33 Loom
13:17 Feudal Age
16:56 Castle Age
20:05 Medium Warships
28:01 Imperial Age
26:47 Padded Archer Armor
28:37 Wheelbarrow
34:17 Horse Collar
35:11 Pikeman
35:51 Squires
35:58 Halberdier
36:39 Scale Mail Armor
36:50 Forging
38:29 Chain Mail Armor
爱上层楼
13:41 Feudal Age
16:03 Loom
18:23 Castle Age
17:16 Double-Bit Axe
19:41 Bow Saw
19:24 Fletching
19:58 Horse Collar
24:16 Wheelbarrow
24:06 Fishing Lines
25:39 Gillnets
26:31 Hand Cart
31:18 Imperial Age
29:20 Bodkin Arrow
29:40 Padded Archer Armor
29:41 Gold Mining
30:17 Town Watch
30:58 Leather Archer Armor
32:10 Ballistics
32:58 Bracer
35:55 Chemistry
35:28 Ring Archer Armor
36:41 Elite Rattan Archer
739697286
5:46 Loom
7:10 Loom
17:52 Feudal Age
17:58 Feudal Age
18:04 Feudal Age
18:54 Gold Mining
19:21 Horse Collar
19:27 Double-Bit Axe
25:04 Castle Age
23:48 Scale Barding Armor
23:53 Forging
23:48 Scale Barding Armor
23:53 Forging
23:48 Scale Barding Armor
23:54 Forging
23:49 Scale Barding Armor
23:54 Forging
23:49 Scale Barding Armor
23:54 Forging
23:49 Scale Barding Armor
24:10 Stone Mining
27:20 Wheelbarrow
28:49 Bow Saw
29:15 Chain Barding Armor
29:06 Forging
29:46 Light Cavalry
30:37 Bloodlines
33:00 Iron Casting
41:17 Heavy Plow
F1NBLOO
5:29 Loom
12:02 Feudal Age
12:36 Town Watch
22:16 Castle Age
21:45 Double-Bit Axe
21:55 Fletching
24:36 Bodkin Arrow
24:41 Horse Collar
27:19 Padded Archer Armor
34:23 Wheelbarrow
38:47 Leather Archer Armor
39:45 Sanctity
43:42 Imperial Age
自娱自乐
4:33 Loom
15:09 Feudal Age
17:10 Fletching
17:06 Double-Bit Axe
22:04 Castle Age
22:43 Bodkin Arrow
23:08 Medium Warships
23:26 Padded Archer Armor
33:05 Imperial Age
33:58 Bracer
34:26 Bloodlines
34:53 Leather Archer Armor
36:05 Chemistry
35:26 Ballistics
36:39 Gold Mining
38:00 Conscription
38:56 Parthian Tactics
40:46 Thumb Ring
Ren
11:24 Loom
14:10 Feudal Age
18:12 Castle Age
17:16 Double-Bit Axe
18:55 Wheelbarrow
19:48 Bow Saw
23:46 Fletching
25:09 Padded Archer Armor
25:24 Horse Collar
27:41 Leather Archer Armor
28:03 Medium Warships
30:52 Heavy Plow
30:47 Gold Mining
32:53 Bodkin Arrow
33:53 Stone Mining
38:24 Imperial Age
36:01 Husbandry
36:36 Scale Barding Armor
36:42 Forging
37:12 Stone Shaft Mining
37:18 Bloodlines
37:52 Chain Barding Armor
39:03 Iron Casting
39:48 Guilds
40:22 Conscription
40:26 Hand Cart
40:25 Bracer
41:59 Plate Barding Armor
42:25 Blast Furnace
40:47 Cavalier
41:24 Town Watch
tim.13
4:37 Loom
13:41 Feudal Age
18:19 Castle Age
16:16 Double-Bit Axe
16:50 Fishing Lines
18:17 Wheelbarrow
20:16 Bow Saw
20:16 Gillnets
21:02 Stone Mining
21:56 Town Watch
21:57 Horse Collar
23:10 Stone Shaft Mining
22:29 Gold Mining
22:53 Heavy Plow
25:50 Fletching
32:14 Imperial Age
30:47 Scale Barding Armor
31:36 Forging
31:53 Chain Barding Armor
32:15 Bloodlines
32:06 Husbandry
34:57 Plate Barding Armor
36:31 Conscription
37:19 Iron Casting
40:00 Svan Towers
39:51 Bodkin Arrow
41:38 Hand Cart
41:48 Ballistics
41:15 Arrowslits
Connection lost

Rejoining the realm…

Still unreachable

The connection could not be restored.

Session expired

The server has moved on; the page needs a fresh start.